 Dungeon Crawl Stone Soup version 0.31-a0-441-g867994ef1c (console) character file.

Game seed: 616868316461065952

41195 jejorda2 the Cleaver (level 14, -4/107 (113) HPs)
             Began as a Gnoll Berserker on Aug 2, 2023.
             Was a High Priest of Trog.
             Slain by a hell rat (5 damage)
             ... on level 4 of the Lair of Beasts.
             The game lasted 01:00:00 (17540 turns).

jejorda2 the Cleaver (Gnoll Berserker)             Turns: 17540, Time: 01:00:02

HP:   -4/107 (113)  AC: 30    Str: 20    XL:     14   Next: 14%
MP:   27/27         EV:  6    Int:  7    God:    Trog [*****.]
Gold: 1501          SH:  0    Dex: 13    Spells: 31/31 levels left

rFire   . . .        a - +7 war axe (elec)
rCold   + + +        (no shield)
rNeg    . . .        D - +0 crystal plate armour
rPois   .            e - +2 helmet
rElec   .            E - +0 cloak of the Armadillo {rC++ Will+}
rCorr   +            (no gloves)
SInv    .            C - +0 pair of boots
Will    ++...        x - amulet of faith Stlth
                     m - ring of resist corrosion
HPRegen 0.37/turn    A - ring "Keb Did" {rC+ AC+4}
MPRegen 0.20/turn

%: faith
@: on berserk cooldown, slowed, studying Shapeshifting, drained, very slow
A: fangs 1, strong nose, distributed training
a: Renounce Religion, Berserk, Trog's Hand, Brothers in Arms


You were on level 4 of the Lair of Beasts.
You worshipped Trog.
Trog was extremely pleased with you.
You visited 2 branches of the dungeon, and saw 15 of its levels.
You also visited: Ossuary, Bailey and Ice Cave.

You collected 1501 gold pieces.

Inventory:

Hand Weapons
 a - a +7 war axe of electrocution (weapon)
 b - a +8 dagger of speed
 c - a +1 antimagic battleaxe
Missiles
 f - 6 curare-tipped darts
 j - 43 poisoned darts
 p - 2 atropa-tipped darts
 t - a boomerang
 B - 2 silver javelins
Armour
 e - a +2 helmet (worn)
 C - a +0 pair of boots (worn)
 D - a +0 crystal plate armour (worn)
 E - the +0 cloak of the Armadillo (worn) {rC++ Will+}
   (You found it in a bailey)

   rC:        It greatly protects you from cold.
   Will:      It increases your willpower.
Jewellery
 m - a ring of resist corrosion (left hand)
 x - an amulet of faith (around neck)
 z - a ring of fire
 A - the ring "Keb Did" (right hand) {rC+ AC+4}
   (You found it on level 6 of the Dungeon)

   [ring of protection]

   AC:        It affects your AC (+4).
   rC:        It protects you from cold.
 I - a ring of protection from cold
Wands
 s - a wand of flame (14) (quivered)
 u - a wand of roots (17)
 v - a wand of polymorph (3)
 y - a wand of acid (4)
 F - a wand of digging (6)
Scrolls
 d - a scroll of fog
 g - 2 scrolls of immolation
 o - a scroll of fear
 q - 7 scrolls of teleportation
Potions
 h - 10 potions of curing
 i - 3 potions of enlightenment
 k - a potion of cancellation
 l - a potion of ambrosia
 n - a potion of haste
 r - 3 potions of mutation
 w - 2 potions of resistance
 G - a potion of might {unknown}
 H - a potion of attraction {unknown}


   Skills:
 + Level 11.2 Fighting
 + Level 9.1 Short Blades
 + Level 9.1 Long Blades
 + Level 11.2 Axes
 + Level 9.1 Maces & Flails
 + Level 9.1 Polearms
 + Level 9.1 Staves
 + Level 9.1 Ranged Weapons
 + Level 9.1 Throwing
 + Level 10.2 Armour
 + Level 10.2 Dodging
 + Level 9.1 Stealth
 + Level 9.1 Shields
 + Level 9.1 Unarmed Combat
 + Level 9.1 Spellcasting
 + Level 7.6 Conjurations
 + Level 7.6 Hexes
 + Level 7.6 Summonings
 + Level 7.6 Necromancy
 + Level 7.6 Translocations
 + Level 7.6 Transmutations
 + Level 7.6 Fire Magic
 + Level 7.6 Ice Magic
 + Level 7.6 Air Magic
 + Level 7.6 Earth Magic
 + Level 7.6 Poison Magic
 + Level 10.0 Invocations
 + Level 9.1 Evocations
 + Level 8.1 Shapeshifting


You had 31 spell levels left.
You didn't know any spells.
Your spell library was empty.

Dungeon Overview and Level Annotations

Branches:
Dungeon (11/15)            Temple (0/1) D:5            Lair (4/5) D:11
 Shoals (0/4) Lair:2       Spider (0/4) Lair:3          Orc (0/2) D:11
Ossuary (visited)          Bailey (visited)           IceCv (visited)
  Slime: Lair:4-5

Altars:
Cheibriados
Gozag
Hepliaklqana
Makhleb
Okawaru
Trog
Uskayaw
Vehumet
Xom

Shops:
D:11 :

Annotations:
Lair:3 1 runed translucent door, BubbleThief's ghost, journeyman DsNe


Innate Abilities, Weirdness & Mutations

You have very sharp teeth.
Your uncanny sense of smell can sniff out nearby items.
Your experience applies equally to all skills.


Message History

You hit the death yak but do no damage. You closely miss the rime drake.
The rime drake barely misses you. The yak barely misses you.
The death yak gores you. x2
A hell rat comes into view.
The rime drake bites you but does no damage.
You barely miss the death yak. You punch the death yak.
You kill the death yak!
Trog accepts your kill. Trog grants you a weapon!
Something appears at your feet!
You see here a +1 heavy halberd.
You hit the yak. Lightning courses through the yak!
You kill the yak!
Trog accepts your kill.
You hit the death yak but do no damage. You slash the rime drake!
You kill the rime drake!
Trog accepts your kill. The death yak gores you. The wyvern barely misses you.
The death yak gores you but does no damage.
Your Invocations skill increases to level 10!
You hit the death yak.
You bite the death yak, but do no damage.
The death yak is severely wounded.
You barely miss the wyvern.
The wyvern bites you but does no damage.
The hell rat twitches its whiskers.
A hell rat comes into view.
The wyvern bites you!
* * * LOW HITPOINT WARNING * * *
The hell rat bites you!
* * * LOW HITPOINT WARNING * * *
You feel drained. The death yak gores you!
* * * LOW HITPOINT WARNING * * *
A basilisk comes into view.
You slash the death yak!
The death yak is severely wounded.
You slash the hell rat! You slash the wyvern! The wyvern barely misses you.
The hell rat bites you!
* * * LOW HITPOINT WARNING * * *
You feel drained.
You die...

[...........
#..........
.?.......
....... .....
... #.##
##@Y##..#
#.rlr...#
#+#r.#.#.#
...r.....
..........<
............
.............
#........l....
#.............


You could see a death yak, a basilisk, a wyvern and 4 hell rats.

Vanquished Creatures
  A fire giant (D:11)
  Snorg (D:10)
  Josephine (D:11)
  Fannar (D:11)
  Harold (D:10)
  5 death yaks (Lair:4)
  A two-headed ogre (D:11)
  Nergalle (D:11)
  Amaemon (Lair:1)
  Lodul (D:10)
  A necromancer (IceCv)
  A deep elf pyromancer (D:11)
  A cyclops (D:11)
  An ice statue (IceCv)
  A merfolk siren (Lair:2)
  A black mamba (Lair:1)
  A torpor snail (Lair:3)
  6 cane toads
  An orange demon (Lair:1)
  2 komodo dragons (Lair:1)
  2 rime drakes
  6 kobold demonologists
  15 ice devils (IceCv)
  2 anaconda simulacra (IceCv)
  A freezing wraith (IceCv)
  3 merfolk (Lair:2)
  A hornet (D:9)
  Prince Ribbit (D:5)
  14 blink frogs
  A troll (D:11)
  Sigmund (D:2)
  Eustachio (D:6)
  5 wraiths
  2 wyverns
  A vampire (D:10)
  3 dire elephant simulacra (IceCv)
  26 yaks
  3 death yak simulacra (IceCv)
  2 harpy simulacra (IceCv)
  An acid dragon (D:8)
  6 water moccasins
  Duvessa (D:5)
  11 orc warriors
  5 black bears
  2 ice beasts
  13 ogres
  5 wolves (Lair:2)
  2 phantoms
  7 kobold brigands
  11 bullfrogs
  2 gnoll sergeants (D:11)
  9 scorpions
  5 cane toad simulacra (IceCv)
  7 wights
  Dowan (D:5)
  5 elephant simulacra (IceCv)
  10 killer bees
  3 howler monkeys
  5 crimson imps (D:3)
  3 centaur zombies (Ossuary)
  A human zombie (Ossuary)
  2 hounds (D:5)
  7 orc priests
  A sleepcap (D:7)
  Crazy Yiuf (D:4)
  An iguana (D:6)
  Natasha (thrice) (D:2)
  9 orc wizards
  5 hell rats (Lair:3)
  2 troll simulacra (IceCv)
  5 polar bear simulacra (IceCv)
  2 wolf simulacra (IceCv)
  3 hound zombies (Ossuary)
  3 mummies (Ossuary)
  Robin (D:2)
  11 gnolls
  2 adders
  A naga simulacrum (IceCv)
  A shadow imp (D:6)
  6 white imps
  2 ufetubi
  5 adder zombies (Ossuary)
  5 worms
  3 dart slugs
  54 orcs
  4 ball pythons
  7 endoplasms
  6 giant cockroaches
  3 gnoll zombies (Ossuary)
  7 hobgoblins
  7 jackals
  23 kobolds
  5 quokkas
  12 bats
  3 frilled lizards
  20 goblins
  3 goblin zombies (Ossuary)
  2 hobgoblin zombies (Ossuary)
  7 jackal zombies (Ossuary)
  4 kobold zombies (Ossuary)
  2 orc zombies (Ossuary)
  2 quokka zombies (Ossuary)
  7 rats
  2 rat zombies (Ossuary)
  A spectral kobold (D:10)
497 creatures vanquished.

Vanquished Creatures (collateral kills)
  A two-headed ogre (D:11)
  A cane toad (Lair:2)
  5 yaks
  A water moccasin (Lair:2)
  A black bear (D:11)
  2 wolves (Lair:2)
  2 bullfrogs (D:11)
13 creatures vanquished.

Vanquished Creatures (others)
  An orc (D:11)
1 creature vanquished.

Grand Total: 511 creatures vanquished

Notes
Turn   | Place    | Note
-------+----------+-------------------------------------------
     0 | D:1      | jejorda2 the Gnoll Berserker began the quest for the Orb.
     0 | D:1      | Reached XP level 1. HP: 23/23 MP: 1/1
   155 | D:1      | Reached XP level 2. HP: 28/29 MP: 2/2
   501 | D:1      | Reached XP level 3. HP: 35/35 MP: 3/3
   685 | D:1      | Reached ** piety under Trog
   776 | D:2      | Reached skill level 1 in Invocations
   938 | D:2      | Reached skill level 1 in Short Blades
   938 | D:2      | Reached skill level 1 in Long Blades
   938 | D:2      | Reached skill level 1 in Maces & Flails
   938 | D:2      | Reached skill level 1 in Polearms
   938 | D:2      | Reached skill level 1 in Staves
   938 | D:2      | Reached skill level 1 in Ranged Weapons
   938 | D:2      | Reached skill level 1 in Throwing
   938 | D:2      | Reached skill level 1 in Stealth
   938 | D:2      | Reached skill level 1 in Shields
   938 | D:2      | Reached skill level 1 in Unarmed Combat
   938 | D:2      | Reached skill level 1 in Spellcasting
   938 | D:2      | Reached skill level 1 in Evocations
  1043 | D:2      | Reached XP level 4. HP: 37/41 MP: 5/5
  1046 | D:2      | Noticed Sigmund
  1058 | D:2      | Killed Sigmund
  1059 | D:2      | Reached skill level 1 in Conjurations
  1059 | D:2      | Reached skill level 1 in Hexes
  1059 | D:2      | Reached skill level 1 in Summonings
  1059 | D:2      | Reached skill level 1 in Necromancy
  1059 | D:2      | Reached skill level 1 in Translocations
  1059 | D:2      | Reached skill level 1 in Transmutations
  1059 | D:2      | Reached skill level 1 in Fire Magic
  1059 | D:2      | Reached skill level 1 in Ice Magic
  1059 | D:2      | Reached skill level 1 in Air Magic
  1059 | D:2      | Reached skill level 1 in Earth Magic
  1059 | D:2      | Reached skill level 1 in Poison Magic
  1059 | D:2      | Reached skill level 1 in Shapeshifting
  1059 | D:2      | Reached XP level 5. HP: 47/47 MP: 5/7
  1097 | D:2      | Noticed Natasha
  1107 | D:2      | Killed Natasha
  1108 | D:2      | Reached XP level 6. HP: 37/53 MP: 8/8
  1222 | D:2      | Reached skill level 5 in Armour
  1222 | D:2      | Reached skill level 5 in Dodging
  1741 | D:2      | Noticed Natasha
  1753 | D:2      | Killed Natasha
  1822 | D:2      | Noticed Natasha
  1823 | D:2      | Noticed Robin
  1832 | D:2      | Killed Robin
  1836 | D:2      | Killed Natasha
  2095 | D:3      | Found a snail-covered altar of Cheibriados.
  2161 | D:3      | Reached XP level 7. HP: 10/59 MP: 10/10
  2228 | D:3      | Reached *** piety under Trog
  2423 | D:3      | Found a radiant altar of Vehumet.
  2423 | D:3      | Found a burning altar of Makhleb.
  2512 | D:3      | Found a shimmering altar of Xom.
  3029 | D:3      | Found a shimmering altar of Xom.
  3059 | D:3      | Found a snail-covered altar of Cheibriados.
  3344 | D:3      | Found a burning altar of Makhleb.
  3345 | D:3      | Found a radiant altar of Vehumet.
  3490 | D:4      | Found a runed translucent door.
  3491 | D:4      | Noticed Crazy Yiuf
  3502 | D:4      | Killed Crazy Yiuf
  4326 | D:5      | Entered Level 5 of the Dungeon
  4326 | D:5      | Noticed Prince Ribbit
  4371 | D:5      | Reached XP level 8. HP: 49/67 MP: 12/12
  4670 | D:5      | Killed Prince Ribbit
  4769 | D:5      | Found a staircase to the Ecumenical Temple.
  4948 | D:5      | Noticed Dowan
  4948 | D:5      | Noticed Duvessa
  5136 | D:5      | Killed Duvessa
  5140 | D:5      | Killed Dowan
  5318 | D:5      | Reached XP level 9. HP: 70/73 MP: 14/14
  6042 | D:6      | Identified the ring "Keb Did" {rC+ AC+4}
  6168 | D:6      | Noticed Eustachio
  6185 | D:6      | Killed Eustachio
  6185 | D:6      | Reached **** piety under Trog
  6831 | D:7      | Reached skill level 5 in Invocations
  6931 | D:7      | Found a sand-covered staircase.
  6958 | Ossuary  | Entered an ossuary
  7245 | Ossuary  | Reached ***** piety under Trog
  7538 | D:7      | Reached XP level 10. HP: 75/80 MP: 17/17
  7554 | D:7      | Reached skill level 5 in Short Blades
  7554 | D:7      | Reached skill level 5 in Long Blades
  7554 | D:7      | Reached skill level 5 in Maces & Flails
  7554 | D:7      | Reached skill level 5 in Polearms
  7554 | D:7      | Reached skill level 5 in Staves
  7554 | D:7      | Reached skill level 5 in Ranged Weapons
  7554 | D:7      | Reached skill level 5 in Throwing
  7554 | D:7      | Reached skill level 5 in Stealth
  7554 | D:7      | Reached skill level 5 in Shields
  7554 | D:7      | Reached skill level 5 in Unarmed Combat
  7554 | D:7      | Reached skill level 5 in Spellcasting
  7554 | D:7      | Reached skill level 5 in Evocations
  7916 | D:8      | Found an iron altar of Okawaru.
  8134 | D:8      | Found a flagged portal.
  8149 | Bailey   | Entered a bailey
  8666 | Bailey   | Identified the +0 cloak of the Armadillo {rC++ Will+}
  9472 | D:9      | Received a gift from Trog
  9834 | D:9      | Noticed a kobold demonologist
  9834 | D:9      | Noticed a kobold demonologist
  9835 | D:9      | Noticed a kobold demonologist
  9836 | D:9      | Noticed a kobold demonologist
  9845 | D:9      | Paralysed by a hornet for 1 turns
  9848 | D:9      | Noticed a smoke demon
  9850 | D:9      | Killed a kobold demonologist
  9851 | D:9      | Killed a kobold demonologist
  9852 | D:9      | Reached XP level 11. HP: 89/89 MP: 18/20
  9854 | D:9      | Reached skill level 5 in Conjurations
  9854 | D:9      | Reached skill level 5 in Hexes
  9854 | D:9      | Reached skill level 5 in Summonings
  9854 | D:9      | Reached skill level 5 in Necromancy
  9854 | D:9      | Reached skill level 5 in Translocations
  9854 | D:9      | Reached skill level 5 in Transmutations
  9854 | D:9      | Reached skill level 5 in Fire Magic
  9854 | D:9      | Reached skill level 5 in Ice Magic
  9854 | D:9      | Reached skill level 5 in Air Magic
  9854 | D:9      | Reached skill level 5 in Earth Magic
  9854 | D:9      | Reached skill level 5 in Poison Magic
  9854 | D:9      | Reached skill level 5 in Shapeshifting
 10057 | D:9      | Found a bloodstained altar of Trog.
 10383 | D:10     | Entered Level 10 of the Dungeon
 10383 | D:10     | Noticed Snorg
 10408 | D:10     | Killed Snorg
 10536 | D:10     | Noticed Lodul
 10550 | D:10     | Killed Lodul
 10688 | D:10     | Found a hide-covered altar of Uskayaw.
 10778 | D:10     | Noticed Harold
 10806 | D:10     | Killed Harold
 11014 | D:10     | Found a hazy altar of Hepliaklqana.
 11082 | D:10     | Found an opulent altar of Gozag.
 11151 | D:11     | Noticed Fannar
 11152 | D:11     | Noticed a two-headed ogre
 11159 | D:11     | Killed a two-headed ogre
 11167 | D:11     | Killed Fannar
 11218 | D:11     | Noticed a sixfirhy
 11249 | D:11     | Noticed a two-headed ogre
 11258 | D:11     | Killed a two-headed ogre
 11263 | D:11     | Reached XP level 12. HP: 35/96 MP: 22/22
 11538 | D:11     | Noticed a fire giant
 11553 | D:11     | Killed a fire giant
 11902 | D:11     | Found a staircase to the Lair.
 12208 | D:11     | Noticed Josephine
 12221 | D:11     | Killed Josephine
 12379 | D:11     | Noticed Nergalle
 12396 | D:11     | Killed Nergalle
 12397 | D:11     | Reached skill level 10 in Fighting
 12397 | D:11     | Reached skill level 10 in Axes
 12697 | D:11     | Found Oqaicob's Book Shoppe.
 12754 | D:11     | Found a staircase to the Orcish Mines.
 12776 | Lair:1   | Entered Level 1 of the Lair of Beasts
 13459 | Lair:1   | Noticed Amaemon
 13476 | Lair:1   | Killed Amaemon
 13927 | Lair:2   | Reached XP level 13. HP: 104/104 MP: 24/24
 14829 | Lair:2   | Found a staircase to the Shoals.
 14846 | Lair:2   | HP: 5/104 [merfolk/+0 trident (10)]
 15524 | Lair:3   | Identified a scroll of acquirement
 15524 | Lair:3   | Acquired a manual of Shapeshifting
 15558 | Lair:3   | Found a runed translucent door.
 15559 | Lair:3   | Found a shimmering altar of Xom.
 15559 | Lair:3   | Noticed BubbleThief's ghost (journeyman DsNe)
 15560 | Lair:3   | Identified the +9 flail of Foolhardiness {chaos, Str+2}
 15582 | Lair:3   | Found a frozen archway.
 15593 | IceCv    | Entered an ice cave
 15879 | IceCv    | Received a gift from Trog
 15948 | IceCv    | Found an ancient bone altar of Kikubaaqudgha.
 16687 | IceCv    | Reached skill level 10 in Armour
 16687 | IceCv    | Reached skill level 10 in Dodging
 17040 | Lair:3   | Found a hole to the Spider Nest.
 17521 | Lair:4   | Reached XP level 14. HP: 113/113 MP: 25/27
 17538 | Lair:4   | Received a gift from Trog
 17539 | Lair:4   | Reached skill level 10 in Invocations
 17540 | Lair:4   | HP: 1/110 [hell rat (11)]
 17540 | Lair:4   | Slain by a hell rat

Illustrated notes

Levels and vault maps discovered:
D:1:      evilmike_arrival_hilbert_curve, layout_loops_ring
D:2:      layout_loops_corners, minmay_small_reverse_x, uniq_robin,
          uniq_sigmund, uniq_natasha
D:3:      layout_basic, grunt_temple_overflow_lords_of_destruction,
          kennysheep_slug_shrine, led_xom_imps
D:4:      layout_loops_cross, roderic_lattice_a, uniq_crazy_yiuf_cottage
D:5:      layout_loops_ring, minmay_temple_entry_butterflies, serial_rivers,
          chequers_serial_rivers_micro_d, chequers_serial_rivers_small_3,
          chequers_serial_rivers_micro_c, chequers_serial_rivers_micro_c,
          chequers_serial_rivers_large_b, chequers_serial_rivers_marsh,
          kennysheep_donut, kennysheep_minor_cross, uniq_prince_ribbit1,
          uniq_duvessa
D:6:      layout_basic, uniq_eustachio
D:7:      layout_basic, chequers_ossuary_entry_cave
D:8:      layout_cave_pods, okawaru_gym_becter, lightli_bailey_entry_fortress
D:9:      layout_cave_pools, general_overflow_altar
D:10:     layout_rooms, mainiacjoe_overflow_paths, kennysheep_little_box,
          nicolae_hepliaklqana_monster_ancestors, library_closet,
          dreamdust_deal_with_the_devil, uniq_lodul, uniq_harold, uniq_snorg
D:11:     layout_roguey, grunt_lair_entry_orc_guard_hut,
          kennysheep_orc_monster_closet_entryway, serial_shops,
          nicolae_book_shop_shelving, kennysheep_just_a_vault, uniq_nergalle,
          uniq_josephine, uniq_fannar
Lair:1:   layout_small_grid, grunt_megastairs_3, uniq_amaemon
Lair:2:   layout_regular_city, elwin_shoals_entry_stream
Lair:3:   layout_misc_corridors, nicolae_spider_entry_non_spiders,
          ebering_ghost_xom, portal_ice_cave_entry_pillars_2,
          grunt_forest_small_clearing_treed, lemuel_fruit_tree,
          lemuel_fruit_fields, serial_bayou_shore_b
Lair:4:   layout_roguey [special_room_mythical_zoo], slime_entry_1

Skill      XL: |  1  2  3  4  5  6  7  8  9 10 11 12 13 14 |
---------------+-------------------------------------------+-----
Invocations    | 1 2 3 4 5 6 7 8 9 10 | 10.0
Short Blades   | 1 2 3 4 6 7 9 |  9.1
Long Blades    | 1 2 3 4 6 7 9 |  9.1
Maces & Flails | 1 2 3 4 6 7 9 |  9.1
Polearms       | 1 2 3 4 6 7 9 |  9.1
Staves         | 1 2 3 4 6 7 9 |  9.1
Ranged Weapons | 1 2 3 4 6 7 9 |  9.1
Throwing       | 1 2 3 4 6 7 9 |  9.1
Stealth        | 1 2 3 4 6 7 9 |  9.1
Shields        | 1 2 3 4 6 7 9 |  9.1
Unarmed Combat | 1 2 3 4 6 7 9 |  9.1
Spellcasting   | 1 2 3 4 6 7 9 |  9.1
Evocations     | 1 2 3 4 6 7 9 |  9.1
Conjurations   | 1 2 3 4 5 6 7 |  7.6
Hexes          | 1 2 3 4 5 6 7 |  7.6
Summonings     | 1 2 3 4 5 6 7 |  7.6
Necromancy     | 1 2 3 4 5 6 7 |  7.6
Translocations | 1 2 3 4 5 6 7 |  7.6
Transmutations | 1 2 3 4 5 6 7 |  7.6
Fire Magic     | 1 2 3 4 5 6 7 |  7.6
Ice Magic      | 1 2 3 4 5 6 7 |  7.6
Air Magic      | 1 2 3 4 5 6 7 |  7.6
Earth Magic    | 1 2 3 4 5 6 7 |  7.6
Poison Magic   | 1 2 3 4 5 6 7 |  7.6
Shapeshifting  | 1 2 3 4 5 6 7 8 |  8.1
Armour         | 5 6 7 8 9 10 | 10.2
Dodging        | 5 6 7 8 9 10 | 10.2
Fighting       | 7 8 9 10 11 | 11.2
Axes           | 7 8 9 10 11 | 11.2

Action                     |  1- 3 |  4- 6 |  7- 9 | 10-12 | 13-15 || total
---------------------------+-------+-------+-------+-------+-------++-------
  Melee: Hand axe          |   132 |   124 |    21 |       |       ||   277
         Bite              |     6 |    16 |    49 |    70 |    44 ||   185
         Punch             |       |     4 |    13 |    22 |    33 ||    72
         Morningstar       |       |       |   124 |       |       ||   124
         War axe           |       |       |   337 |   408 |   378 ||  1123
         Dire flail        |       |       |     9 |   112 |       ||   121
         Unarmed           |       |       |       |     1 |       ||     1
         Dagger            |       |       |       |     5 |       ||     5
 Invoke: Berserk           |       |     4 |     9 |    13 |     4 ||    30
         Trog's Hand       |       |     2 |     3 |     8 |     4 ||    17
         Brothers in Arms  |       |       |       |     1 |     2 ||     3
  Evoke: Wand              |       |       |       |    10 |     7 ||    17
    Use: Scroll            |       |       |    15 |    14 |     2 ||    31
         Potion            |       |       |       |     4 |     1 ||     5
 Armour: Animal skin       |     8 |       |       |       |       ||     8
         Plate armour      |    54 |    74 |   333 |    87 |       ||   548
         Crystal plate arm |       |       |       |   441 |   322 ||   763
  Dodge: Dodged            |    53 |    39 |   216 |   176 |    99 ||   583

Table legend: (Time is in decaauts)
 A = Elapsed time spent in this place.
 B = Non-inter-level travel time spent in this place.
 C = Inter-level travel time spent in this place.
 D = Time resting spent in this place.
 E = Time spent auto-exploring this place.
 F = Levels seen in this place.
 G = Mean time per level.
                   A        B        C        D        E       F      G
               +--------+--------+--------+--------+--------+-----+--------+
         Total |  17915 |  17598 |    317 |   2697 |  10935 |  18 |  995.3 |
       Dungeon |  12164 |  11939 |    225 |   1934 |   7450 |  11 | 1105.8 |
          Lair |   3482 |   3391 |     91 |    134 |   2596 |   4 |  870.5 |
       Ossuary |    303 |    303 |      0 |      0 |    124 |   1 |  303.0 |
        Bailey |    662 |    662 |      0 |     99 |    314 |   1 |  662.0 |
      Ice Cave |   1302 |   1302 |      0 |    529 |    450 |   1 | 1302.0 |
               +--------+--------+--------+--------+--------+-----+--------+

Top non-repeatable levels by time:
    D:11: 1707 daAuts
     D:5: 1597 daAuts
     D:3: 1440 daAuts
  Lair:1: 1426 daAuts
   IceCv: 1302 daAuts
     D:2: 1277 daAuts
  Lair:2: 1257 daAuts
     D:4: 1089 daAuts
     D:8: 1055 daAuts
     D:9: 923 daAuts
     D:7: 851 daAuts
     D:6: 812 daAuts
  Lair:3: 772 daAuts
     D:1: 751 daAuts
  Bailey: 662 daAuts
